 BcadrenCrawl: Boulder Brew version 0.06-240-gf756cca71e (webtiles) character file.

Game seed: 2459918387659647468, levelgen mode: deterministic

25 gruber the Chopper (level 2, -1/26 HPs) Minotaur Fighter. Began on Aug 13, 2022. Slain by a cinder newt (3 damage) ... on level 1 of the Dungeon. The game lasted 00:00:32 (251 turns).

gruber the Chopper (Minotaur Fighter)                Turns: 251, Time: 00:00:33

Health: -1/26      AC:  6    Str: 20    XL:     2 ^: 5
Magic:  1/1        EV:  8    Int:  5    God:
Gold:   13         SH:  7    Dex:  9    Spells: 1/1 levels left

rFire    . . .     Slash    .   a - +0 war axe
rCold    . . .     Pierce   .   c - +0 heater shield
rNeg     . . .     Bludgeon .   b - +0 scale mail
rCorr    . . .     Vision   .   (helmet restricted)
rPois    .         Gourm    .   (no cloak)
rElec    .         Faith    .   (no gloves)
MR       .....     Spirit   .   (no boots)
HPRegen  0.18/turn Reflect  .   (no amulet)
MPRegen  0.11/turn Harm     .   (no ring)
Stlth    ..........             (no ring)

@: no status effects
A: horns, retaliatory headbutt 2, soft flesh
a: no special abilities


You were on level 1 of the Dungeon.
You were not hungry.

You visited 1 branch of the dungeon, and saw 1 of its levels.

You collected 13 gold pieces.

Inventory:

Weapons
 a - a +0 war axe (weapon) Shields
 c - a +0 heater shield (shield)
Armour
 b - a +0 scale mail (worn)
Jewellery
 g - an uncursed ring of strength
Scrolls
 e - a scroll of teleportation
Potions
 d - a potion of might
 h - a potion of agility
Comestibles
 f - a ration


   Skills:
 - Level 3.6 Fighting
 + Level 4.2 Axes & Hammers
 - Level 3.6 Armour
 - Level 3.6 Shields


You had one spell level left.
You didn't know any spells.
Your spell library was empty.

Dungeon Overview and Level Annotations

Branches:
Dungeon (1/8)

Altars:


Innate Abilities, Weirdness & Mutations

You reflexively attack those that strike you in melee with your horns.
((Your soft flesh is weak to deep cuts.
Heavy manmade armour will nullify this weakness. (rSlashing-)))


Message History

A cinder newt is nearby!
You hit the cinder newt (4).
It resists.
The cinder newt is heavily wounded. (6/10) HP The cinder newt bites you (1).
The cinder newt burns you (3). The cinder newt bites you.
The cinder newt burns you (4).
You are too injured to fight recklessly!
You are too injured to fight recklessly!
You are too injured to fight recklessly!
You hit the cinder newt (3).
It resists.
The cinder newt is severely wounded. (3/10) HP The cinder newt bites you.
The cinder newt burns you (3).
* * * LOW HITPOINT WARNING * * *
The cinder newt blocks your attack.
The cinder newt is severely wounded. (3/10) HP The cinder newt bites you (1).
* * * LOW HITPOINT WARNING * * *
The cinder newt burns you (4).
* * * LOW HITPOINT WARNING * * *
The cinder newt bites you. The cinder newt burns you (3).
You die...

##########
####........#####
.................
#####.............
###...........).....
..'....÷)†..##......
##########......##.##......
.........#l....†##.##......
.........#@.....##..##+####
................###.##.#
.........†####..÷....#.#
####.........#.####..#.#
.........###.#.# ##)#.##
.............#.# #....###
...............## ##......
####.###†###.#..#####......
#.......................


You could see a cinder newt.

Vanquished Creatures
  A leopard gecko (D:1)
  3 goblins (D:1)
  5 hobgoblins (D:1)
  A ball python (D:1)
  6 bats (D:1)
  4 kobolds (D:1)
  2 rats (D:1)
22 creatures vanquished.

Notes
Turn   | Place    | Note
-------+----------+-------------------------------------------
     0 | D:1      | gruber the Minotaur Fighter began the quest for the Orb.
     0 | D:1      | Reached XP level 1. HP: 19/19 MP: 0/0
    48 | D:1      | Reached skill level 3 in Axes & Hammers
    58 | D:1      | Reached XP level 2. HP: 23/26 MP: 1/1
   207 | D:1      | Reached skill level 4 in Axes & Hammers
   251 | D:1      | Slain by a cinder newt

Levels and vault maps discovered:
D:1:      dpeg_arrival_solitude, layout_basic, first_ration

Skill      XL: |  1  2 |
---------------+-------+-----
Axes & Hammers | 3 4 |  4.2
Fighting       | |  3.6
Armour         | |  3.6
Shields        | |  3.6

Action                   || total
-------------------------++-------
Melee: War axe           ||    41
       Headbutt          ||     1
Armor: Scale mail        ||    19
Dodge: Dodged            ||     8
Block: Heater shield     ||    16
